| Goals | Penalties |
1. Ducks , Logan Cooley 1 (Mathew Dumba 3, Nino Niederreiter 2) at 10:01
2. Flames , Adam Larsson 1 (Alex DeBrincat 3, Alex Ovechkin 4) at 10:24
|
Phillip Danault (ANA) for Interference (Minor) at 4:12 Adrian Kempe (ANA) for Hooking (Minor) at 7:35 Lawson Crouse (CGY) for Hooking (Minor) at 14:07
|
3. Ducks , Nino Niederreiter 2 (Mathew Dumba 4, Zach Whitecloud 1) at 17:35
4. Flames , Zach Parise 2 (John Tavares 2, Jordan Eberle 2) at 17:48
|
Ivan Provorov (CGY) for Slashing (Minor) at 2:26 Alex Ovechkin (CGY) for High sticking (Minor) at 6:55 Ivan Provorov (CGY) for Slashing (Minor) at 19:55
|
5. Ducks , Rasmus Dahlin 1 (Phillip Danault 2, Adam Fox 2) at 11:21 (PP)
|
Ivan Provorov (CGY) for Slashing (Minor) at 3:59 Sebastian Aho (CGY) for Roughing (Minor) at 10:57 Mathew Dumba (ANA) for Roughing (Minor) at 15:18 Frederik Andersen (ANA) for Slashing (Minor) at 16:16 - Moritz Seider served the penalty. Ivan Provorov (CGY) for Tripping (Minor) at 17:44
|
|
Logan Thompson (CGY), 27 saves from 30 shots - (0,900), L, 2-2-0, 59:59 minutes
Frederik Andersen (ANA), 40 saves from 42 shots - (0,952), W, 2-2-0, 60:00 minutes
|
|
1 - Nino Niederreiter (ANA)
2 - Frederik Andersen (ANA)
3 - Logan Cooley (ANA)
|
Referees : Mike Campbell and Kenny Anderson
Linesman : Travis Gawryletz and Bryan Pancich
|
|
| No Game Note
|
|
Level 1 -- Attendance: 6479 (99,68%) -- Ticket Income $712,690
Level 2 -- Attendance: 5000 (100,00%) -- Ticket Income $375,000
Level 3 -- Attendance: 2600 (100,00%) -- Ticket Income $145,600
Level 4 -- Attendance: 2074 (100,00%) -- Ticket Income $82,960
Luxury Box -- Attendance: 1000 (100,00%) -- Ticket Income $199,000
Game was played at the Honda Center.
Total Attendance: 17153 (99,88%)
Total Ticket Income: $1,515,250
Other Income: $378,812
Total Income: $1,894,062
|
| Team Name |
Goals |
Shots |
Shots Attemp |
Shots Blocked |
PIM |
HIT |
PP |
PK |
FO% |
| Flames |
2 | 42 | 78 | 7 | 14 | 18 | 0 / 4 (0%) | 1 | 57% |
| Ducks |
3 | 30 | 58 | 16 | 8 | 18 | 1 / 7 (14%) | 0 | 43% |
Flames
| Player Name |
POS |
G |
A |
P |
+/- |
PIM |
HIT |
SHT |
SB |
MP |
PP MP |
PP SHT |
PK MP |
PK SHT |
FO% |
FOT |
| Aaron Ekblad | D | 0 | 0 | 0 | 1 | 0 | 1 | 1 | 0 | 18:44 | 3:28 | 0 | 0:20 | 0 | 0% |
0 |
| Adam Larsson | D | 1 | 0 | 1 | 1 | 0 | 3 | 2 | 3 | 22:54 | 0:00 | 0 | 6:56 | 0 | 0% |
0 |
| Alex DeBrincat | RW | 0 | 1 | 1 | 0 | 0 | 0 | 5 | 0 | 18:14 | 3:29 | 2 | 0:00 | 0 | 0% |
0 |
| Alex Ovechkin | LW | 0 | 1 | 1 | 0 | 2 | 2 | 2 | 0 | 18:13 | 3:29 | 0 | 0:00 | 0 | 0% |
0 |
| Erik Gudbranson | D | 0 | 0 | 0 | -2 | 0 | 1 | 0 | 0 | 17:12 | 0:00 | 0 | 6:17 | 0 | 0% |
0 |
| Esa Lindell | D | 0 | 0 | 0 | 2 | 0 | 0 | 1 | 2 | 25:59 | 2:56 | 1 | 7:13 | 0 | 0% |
0 |
| Frank Vatrano | RW | 0 | 0 | 0 | 0 | 0 | 0 | 3 | 0 | 17:39 | 2:55 | 0 | 0:00 | 0 | 0% |
0 |
| Ivan Provorov | D | 0 | 0 | 0 | -2 | 8 | 2 | 3 | 1 | 15:35 | 2:55 | 2 | 2:03 | 0 | 0% |
0 |
| Jared Spurgeon | D | 0 | 0 | 0 | 0 | 0 | 1 | 1 | 1 | 19:32 | 3:28 | 0 | 0:45 | 0 | 0% |
0 |
| John Tavares | C | 0 | 1 | 1 | 0 | 0 | 0 | 3 | 0 | 14:51 | 0:00 | 0 | 3:39 | 0 | 59% |
17 |
| Jordan Eberle | RW | 0 | 1 | 1 | 0 | 0 | 0 | 1 | 0 | 11:12 | 0:00 | 0 | 0:00 | 0 | 0% |
0 |
| Jordan Kyrou | C | 0 | 0 | 0 | 0 | 0 | 0 | 5 | 0 | 18:17 | 2:55 | 0 | 0:00 | 0 | 45% |
22 |
| Lawson Crouse | LW | 0 | 0 | 0 | 0 | 2 | 3 | 3 | 0 | 18:15 | 2:55 | 0 | 0:00 | 0 | 100% |
1 |
| Luke Evangelista | RW | 0 | 0 | 0 | 0 | 0 | 0 | 0 | 0 | 0:00 | 0:00 | 0 | 0:00 | 0 | 0% |
0 |
| Pierre-Edouard Bellemare | LW | 0 | 0 | 0 | 0 | 0 | 0 | 0 | 0 | 8:39 | 0:00 | 0 | 8:08 | 0 | 0% |
0 |
| Sean Kuraly | C | 0 | 0 | 0 | 0 | 0 | 1 | 0 | 0 | 8:39 | 0:00 | 0 | 8:08 | 0 | 58% |
19 |
| Sebastian Aho | C | 0 | 0 | 0 | 0 | 2 | 2 | 6 | 0 | 18:49 | 3:29 | 0 | 0:00 | 0 | 63% |
24 |
| Zach Parise | LW | 1 | 0 | 1 | 0 | 0 | 2 | 6 | 0 | 14:51 | 0:00 | 0 | 3:39 | 0 | 67% |
3 |
Ducks
| Player Name |
POS |
G |
A |
P |
+/- |
PIM |
HIT |
SHT |
SB |
MP |
PP MP |
PP SHT |
PK MP |
PK SHT |
FO% |
FOT |
| Adam Fox | D | 0 | 1 | 1 | -1 | 0 | 1 | 1 | 0 | 25:46 | 6:19 | 1 | 2:32 | 0 | 0% |
0 |
| Adrian Kempe | RW | 0 | 0 | 0 | -1 | 2 | 1 | 3 | 0 | 22:36 | 6:38 | 1 | 0:00 | 0 | 0% |
1 |
| Brayden McNabb | D | 0 | 0 | 0 | -1 | 0 | 3 | 3 | 4 | 22:46 | 5:28 | 1 | 3:57 | 0 | 0% |
0 |
| Claude Giroux | RW | 0 | 0 | 0 | -1 | 0 | 0 | 5 | 0 | 18:30 | 5:09 | 1 | 0:00 | 0 | 50% |
4 |
| Eeli Tolvanen | RW | 0 | 0 | 0 | 0 | 0 | 0 | 1 | 0 | 0:29 | 0:00 | 0 | 0:00 | 0 | 0% |
0 |
| Jason Robertson | LW | 0 | 0 | 0 | -1 | 0 | 0 | 2 | 0 | 26:12 | 6:38 | 0 | 3:20 | 1 | 25% |
4 |
| Logan Cooley | C | 1 | 0 | 1 | 2 | 0 | 1 | 3 | 0 | 12:00 | 0:00 | 0 | 0:31 | 0 | 40% |
10 |
| Marcus Foligno | LW | 0 | 0 | 0 | 0 | 0 | 0 | 0 | 0 | 1:27 | 0:00 | 0 | 0:42 | 0 | 0% |
0 |
| Mathew Dumba | D | 0 | 2 | 2 | 2 | 2 | 0 | 0 | 2 | 12:29 | 0:00 | 0 | 0:57 | 0 | 0% |
0 |
| Michael Amadio | RW | 0 | 0 | 0 | 0 | 0 | 0 | 0 | 0 | 0:00 | 0:00 | 0 | 0:00 | 0 | 0% |
0 |
| Moritz Seider | D | 0 | 0 | 0 | -1 | 0 | 0 | 2 | 4 | 21:46 | 5:28 | 1 | 2:57 | 0 | 0% |
0 |
| Nikolaj Ehlers | LW | 0 | 0 | 0 | 2 | 0 | 0 | 0 | 1 | 12:57 | 0:00 | 0 | 1:12 | 0 | 0% |
3 |
| Nino Niederreiter | RW | 1 | 1 | 2 | 2 | 0 | 2 | 2 | 0 | 11:29 | 0:00 | 0 | 0:00 | 0 | 0% |
0 |
| Phillip Danault | C | 0 | 1 | 1 | -1 | 2 | 1 | 2 | 1 | 26:17 | 6:38 | 2 | 2:57 | 0 | 44% |
39 |
| Pierre-Luc Dubois | C | 0 | 0 | 0 | -1 | 0 | 3 | 2 | 0 | 20:14 | 5:09 | 0 | 1:44 | 0 | 54% |
24 |
| Rasmus Dahlin | D | 1 | 0 | 1 | -1 | 0 | 2 | 1 | 2 | 25:55 | 6:19 | 1 | 2:25 | 0 | 0% |
0 |
| Zach Hyman | LW | 0 | 0 | 0 | -1 | 0 | 1 | 3 | 0 | 19:51 | 5:09 | 2 | 1:21 | 0 | 0% |
1 |
| Zach Whitecloud | D | 0 | 1 | 1 | 2 | 0 | 3 | 0 | 2 | 11:17 | 0:00 | 0 | 0:00 | 0 | 0% |
0 |
Play-by-Play
1st period
0:01 of 1st period - Phillip Danault wins face-off versus Jordan Kyrou in neutral zone.
0:06 of 1st period - Shot by Adrian Kempe.
0:06 of 1st period - Shot Misses the Net.
0:08 of 1st period - Shot by Rasmus Dahlin.
0:08 of 1st period - Deflect By Phillip Danault.
0:08 of 1st period - Shot Misses the Net.
0:29 of 1st period - Shot by Adrian Kempe.
0:29 of 1st period - Shot Misses the Net.
1:31 of 1st period - Shot by Pierre-Luc Dubois.
1:31 of 1st period - Shot Blocked by Esa Lindell.
2:03 of 1st period - Shot by Zach Parise.
2:03 of 1st period - Deflect By John Tavares.
2:03 of 1st period - Stopped by Frederik Andersen with a rebound.
2:11 of 1st period - Zach Parise is hit by Pierre-Luc Dubois and loses puck.
2:22 of 1st period - Shot by John Tavares.
2:22 of 1st period - Shot Blocked by Moritz Seider.
2:55 of 1st period - Shot by Alex Ovechkin.
2:55 of 1st period - Stopped by Frederik Andersen with a rebound.
2:57 of 1st period - Shot by Alex DeBrincat.
2:57 of 1st period - Shot Misses the Net.
2:59 of 1st period - Shot by Alex DeBrincat.
2:59 of 1st period - Stopped by Frederik Andersen without a rebound.
3:00 of 1st period - Phillip Danault wins face-off versus Jordan Kyrou in Ducks zone.
3:00 of 1st period - Adam Fox is hit by Alex Ovechkin and loses puck.
3:15 of 1st period - Shot by Jordan Kyrou.
3:15 of 1st period - Stopped by Frederik Andersen with a rebound.
3:33 of 1st period - Shot by Alex Ovechkin.
3:33 of 1st period - Shot Blocked by Rasmus Dahlin.
3:35 of 1st period - Shot by Jared Spurgeon.
3:35 of 1st period - Shot Misses the Net.
3:59 of 1st period - Shot by Sebastian Aho.
3:59 of 1st period - Stopped by Frederik Andersen with a rebound.
4:10 of 1st period - Phillip Danault is hit by Aaron Ekblad and loses puck.
4:12 of 1st period - Minor Penalty to Phillip Danault for Interference.
4:13 of 1st period - Jordan Kyrou wins face-off versus Nikolaj Ehlers in Ducks zone.
4:42 of 1st period - Shot by Esa Lindell.
4:42 of 1st period - Shot Misses the Net.
5:12 of 1st period - Shot by Alex DeBrincat.
5:12 of 1st period - Stopped by Frederik Andersen without a rebound.
5:13 of 1st period - Sebastian Aho wins face-off versus Nikolaj Ehlers in Ducks zone.
5:35 of 1st period - Shot by Esa Lindell.
5:35 of 1st period - Shot Misses the Net.
5:59 of 1st period - Shot by Frank Vatrano.
5:59 of 1st period - Shot Misses the Net.
6:12 of 1st period - Icing by Lawson Crouse.
6:13 of 1st period - John Tavares wins face-off versus Phillip Danault in Flames zone.
6:24 of 1st period - Shot by Eeli Tolvanen.
6:24 of 1st period - Stopped by Logan Thompson without a rebound.
6:25 of 1st period - Logan Cooley wins face-off versus John Tavares in Flames zone.
6:26 of 1st period - Shot by Nino Niederreiter.
6:26 of 1st period - Shot Blocked by Adam Larsson.
6:37 of 1st period - Shot by Adam Larsson.
6:37 of 1st period - Shot Blocked by Mathew Dumba.
6:57 of 1st period - Shot by Adam Larsson.
6:57 of 1st period - Stopped by Frederik Andersen without a rebound.
6:58 of 1st period - Lawson Crouse wins face-off versus Phillip Danault in Ducks zone.
7:01 of 1st period - Shot by Sebastian Aho.
7:01 of 1st period - Stopped by Frederik Andersen without a rebound.
7:02 of 1st period - Sebastian Aho wins face-off versus Phillip Danault in Ducks zone.
7:02 of 1st period - Sebastian Aho is hit by Rasmus Dahlin.
7:04 of 1st period - Shot by Frank Vatrano.
7:04 of 1st period - Shot Misses the Net.
7:35 of 1st period - Minor Penalty to Adrian Kempe for Hooking.
7:36 of 1st period - Sebastian Aho wins face-off versus Phillip Danault in Ducks zone.
7:51 of 1st period - Shot by Alex DeBrincat.
7:51 of 1st period - Shot Misses the Net.
7:53 of 1st period - Shot by Aaron Ekblad.
7:53 of 1st period - Shot Blocked by Moritz Seider.
8:53 of 1st period - Shot by Esa Lindell.
8:53 of 1st period - Stopped by Frederik Andersen without a rebound.
8:54 of 1st period - Sebastian Aho wins face-off versus Pierre-Luc Dubois in Ducks zone.
8:57 of 1st period - Shot by Alex DeBrincat.
8:57 of 1st period - Stopped by Frederik Andersen without a rebound.
8:58 of 1st period - Pierre-Luc Dubois wins face-off versus Sebastian Aho in Ducks zone.
9:38 of 1st period - Mathew Dumba is hit by Erik Gudbranson and loses puck.
9:52 of 1st period - Logan Cooley is hit by Ivan Provorov and loses puck.
9:57 of 1st period - Shot by Nino Niederreiter.
9:57 of 1st period - Deflect By Logan Cooley.
9:57 of 1st period - Stopped by Logan Thompson with a rebound.
9:59 of 1st period - Shot by Mathew Dumba.
9:59 of 1st period - Shot Misses the Net.
10:01 of 1st period - Shot by Logan Cooley.
10:01 of 1st period - Goal by Logan Cooley - Flames : 0 - Ducks : 1.
10:02 of 1st period - Pierre-Luc Dubois wins face-off versus Jordan Kyrou in neutral zone.
10:22 of 1st period - Shot by Adam Larsson.
10:22 of 1st period - Shot Blocked by Brayden McNabb.
10:24 of 1st period - Shot by Adam Larsson.
10:24 of 1st period - Goal by Adam Larsson - Flames : 1 - Ducks : 1.
10:25 of 1st period - Logan Cooley wins face-off versus John Tavares in neutral zone.
11:17 of 1st period - Off-side.
11:18 of 1st period - Sebastian Aho wins face-off versus Jason Robertson in neutral zone.
11:23 of 1st period - Shot by Lawson Crouse.
11:23 of 1st period - Stopped by Frederik Andersen without a rebound.
11:24 of 1st period - Phillip Danault wins face-off versus Sebastian Aho in Ducks zone.
11:24 of 1st period - Phillip Danault is hit by Lawson Crouse.
11:36 of 1st period - Shot by Frank Vatrano.
11:36 of 1st period - Stopped by Frederik Andersen without a rebound.
11:37 of 1st period - Pierre-Luc Dubois wins face-off versus Jordan Kyrou in Ducks zone.
11:46 of 1st period - Shot by Claude Giroux.
11:46 of 1st period - Shot Misses the Net.
12:19 of 1st period - Icing by Zach Whitecloud.
12:20 of 1st period - Pierre-Luc Dubois wins face-off versus Sebastian Aho in Ducks zone.
12:20 of 1st period - Pierre-Luc Dubois is hit by Sebastian Aho.
12:34 of 1st period - Aaron Ekblad is hit by Pierre-Luc Dubois and loses puck.
12:57 of 1st period - Shot by Frank Vatrano.
12:57 of 1st period - Stopped by Frederik Andersen without a rebound.
12:58 of 1st period - John Tavares wins face-off versus Logan Cooley in Ducks zone.
12:59 of 1st period - Shot by Jordan Eberle.
12:59 of 1st period - Shot Misses the Net.
13:03 of 1st period - Shot by John Tavares.
13:03 of 1st period - Stopped by Frederik Andersen without a rebound.
13:04 of 1st period - Jordan Kyrou wins face-off versus Phillip Danault in Ducks zone.
13:13 of 1st period - Jared Spurgeon is hit by Phillip Danault and loses puck.
14:06 of 1st period - Icing by Brayden McNabb.
14:07 of 1st period - Pierre-Luc Dubois wins face-off versus Sebastian Aho in Ducks zone.
14:07 of 1st period - Minor Penalty to Lawson Crouse for Hooking.
14:08 of 1st period - Sean Kuraly wins face-off versus Claude Giroux in Flames zone.
14:31 of 1st period - Shot by Claude Giroux.
14:31 of 1st period - Stopped by Logan Thompson without a rebound.
14:32 of 1st period - Phillip Danault wins face-off versus Sean Kuraly in Flames zone.
14:53 of 1st period - Icing by Jason Robertson.
14:54 of 1st period - Phillip Danault wins face-off versus Sean Kuraly in Ducks zone.
14:54 of 1st period - Phillip Danault is hit by Sean Kuraly.
15:13 of 1st period - Off-side.
15:14 of 1st period - Sean Kuraly wins face-off versus Pierre-Luc Dubois in neutral zone.
15:53 of 1st period - Shot by Claude Giroux.
15:53 of 1st period - Shot Misses the Net.
15:55 of 1st period - Shot by Zach Hyman.
15:55 of 1st period - Shot Blocked by Esa Lindell.
16:24 of 1st period - Shot by Frank Vatrano.
16:24 of 1st period - Shot Blocked by Nikolaj Ehlers.
16:26 of 1st period - Shot by Sebastian Aho.
16:26 of 1st period - Stopped by Frederik Andersen with a rebound.
17:22 of 1st period - Shot by Jordan Kyrou.
17:22 of 1st period - Stopped by Frederik Andersen with a rebound.
17:26 of 1st period - Shot by Jordan Kyrou.
17:26 of 1st period - Stopped by Frederik Andersen with a rebound.
17:28 of 1st period - Shot by Esa Lindell.
17:28 of 1st period - Shot Blocked by Mathew Dumba.
17:30 of 1st period - Shot by Aaron Ekblad.
17:30 of 1st period - Shot Blocked by Zach Whitecloud.
17:34 of 1st period - Shot by Alex DeBrincat.
17:34 of 1st period - Stopped by Frederik Andersen with a rebound.
17:36 of 1st period - Shot by Aaron Ekblad.
17:36 of 1st period - Stopped by Frederik Andersen with a rebound.
17:38 of 1st period - Shot by Alex Ovechkin.
17:38 of 1st period - Stopped by Frederik Andersen with a rebound.
17:53 of 1st period - Alex Ovechkin is hit by Zach Whitecloud and loses puck.
17:58 of 1st period - Shot by Jordan Kyrou.
17:58 of 1st period - Stopped by Frederik Andersen without a rebound.
17:59 of 1st period - Pierre-Luc Dubois wins face-off versus John Tavares in Ducks zone.
18:16 of 1st period - Shot by Claude Giroux.
18:16 of 1st period - Stopped by Logan Thompson with a rebound.
18:36 of 1st period - Shot by Zach Hyman.
18:36 of 1st period - Shot Blocked by Ivan Provorov.
18:38 of 1st period - Shot by Moritz Seider.
18:38 of 1st period - Shot Misses the Net.
19:49 of 1st period - Icing by Aaron Ekblad.
19:50 of 1st period - Jordan Kyrou wins face-off versus Phillip Danault in Flames zone.
19:52 of 1st period - Icing by Alex DeBrincat.
19:53 of 1st period - Jordan Kyrou wins face-off versus Phillip Danault in Flames zone.
Goals for this period are 1 for Flames vs 1 for Ducks.
Shots for this period are 22 for Flames vs 5 for Ducks.
2nd period
0:01 of 2nd period - Sebastian Aho wins face-off versus Phillip Danault in neutral zone.
0:07 of 2nd period - Moritz Seider is hit by Lawson Crouse and loses puck.
0:44 of 2nd period - Shot by Frank Vatrano.
0:44 of 2nd period - Deflect By Sebastian Aho.
0:44 of 2nd period - Stopped by Frederik Andersen without a rebound.
0:45 of 2nd period - John Tavares wins face-off versus Pierre-Luc Dubois in Ducks zone.
0:54 of 2nd period - Icing by Rasmus Dahlin.
0:55 of 2nd period - Pierre-Luc Dubois wins face-off versus Jordan Kyrou in Ducks zone.
1:25 of 2nd period - Shot by Alex DeBrincat.
1:25 of 2nd period - Shot Misses the Net.
2:15 of 2nd period - Shot by Phillip Danault.
2:15 of 2nd period - Shot Misses the Net.
2:26 of 2nd period - Minor Penalty to Ivan Provorov for Slashing.
2:27 of 2nd period - Phillip Danault wins face-off versus Sean Kuraly in Flames zone.
2:50 of 2nd period - Shot by Adrian Kempe.
2:50 of 2nd period - Deflect By Jason Robertson.
2:50 of 2nd period - Shot Misses the Net.
2:52 of 2nd period - Shot by Moritz Seider.
2:52 of 2nd period - Stopped by Logan Thompson without a rebound.
2:53 of 2nd period - Phillip Danault wins face-off versus Sean Kuraly in Flames zone.
2:58 of 2nd period - Shot by Jason Robertson.
2:58 of 2nd period - Shot Misses the Net.
3:00 of 2nd period - Shot by Adam Fox.
3:00 of 2nd period - Shot Misses the Net.
3:02 of 2nd period - Shot by Phillip Danault.
3:02 of 2nd period - Stopped by Logan Thompson without a rebound.
3:03 of 2nd period - Pierre-Luc Dubois wins face-off versus Sean Kuraly in Flames zone.
3:03 of 2nd period - Zach Hyman is hit by Adam Larsson and loses puck.
3:14 of 2nd period - Shot by Zach Hyman.
3:14 of 2nd period - Shot Misses the Net.
3:22 of 2nd period - Shot by Zach Hyman.
3:22 of 2nd period - Stopped by Logan Thompson without a rebound.
3:23 of 2nd period - Zach Parise wins face-off versus Jason Robertson in Flames zone.
3:23 of 2nd period - Zach Parise is hit by Adrian Kempe.
3:36 of 2nd period - Icing by Rasmus Dahlin.
3:37 of 2nd period - John Tavares wins face-off versus Phillip Danault in Ducks zone.
3:50 of 2nd period - Shot by Adam Fox.
3:50 of 2nd period - Shot Misses the Net.
3:52 of 2nd period - Shot by Rasmus Dahlin.
3:52 of 2nd period - Shot Misses the Net.
3:54 of 2nd period - Shot by Phillip Danault.
3:54 of 2nd period - Stopped by Logan Thompson without a rebound.
3:55 of 2nd period - Sean Kuraly wins face-off versus Pierre-Luc Dubois in Flames zone.
3:55 of 2nd period - Sean Kuraly is hit by Pierre-Luc Dubois.
4:38 of 2nd period - Shot by Zach Parise.
4:38 of 2nd period - Shot Misses the Net.
4:40 of 2nd period - Shot by Zach Parise.
4:40 of 2nd period - Stopped by Frederik Andersen with a rebound.
4:42 of 2nd period - Shot by Ivan Provorov.
4:42 of 2nd period - Stopped by Frederik Andersen with a rebound.
5:26 of 2nd period - Phillip Danault is hit by Zach Parise and loses puck.
6:07 of 2nd period - Shot by Frank Vatrano.
6:07 of 2nd period - Shot Misses the Net.
6:09 of 2nd period - Shot by Frank Vatrano.
6:09 of 2nd period - Shot Blocked by Phillip Danault.
6:11 of 2nd period - Shot by Jared Spurgeon.
6:11 of 2nd period - Stopped by Frederik Andersen with a rebound.
6:15 of 2nd period - Shot by Sebastian Aho.
6:15 of 2nd period - Stopped by Frederik Andersen without a rebound.
6:16 of 2nd period - Claude Giroux wins face-off versus Jordan Kyrou in Ducks zone.
6:16 of 2nd period - Claude Giroux is hit by Alex Ovechkin.
6:52 of 2nd period - Shot by Jordan Kyrou.
6:52 of 2nd period - Shot Misses the Net.
6:55 of 2nd period - Minor Penalty to Alex Ovechkin for High sticking.
6:56 of 2nd period - Sean Kuraly wins face-off versus Adrian Kempe in Flames zone.
7:19 of 2nd period - Icing by Adrian Kempe.
7:20 of 2nd period - Sean Kuraly wins face-off versus Phillip Danault in Ducks zone.
7:41 of 2nd period - Shot by Adrian Kempe.
7:41 of 2nd period - Stopped by Logan Thompson with a rebound.
8:09 of 2nd period - Shot by Pierre-Edouard Bellemare.
8:09 of 2nd period - Shot Misses the Net.
8:51 of 2nd period - Shot by Adam Fox.
8:51 of 2nd period - Stopped by Logan Thompson without a rebound.
8:52 of 2nd period - Sean Kuraly wins face-off versus Pierre-Luc Dubois in Flames zone.
9:18 of 2nd period - Logan Cooley is hit by Adam Larsson and loses puck.
9:51 of 2nd period - Shot by Jordan Eberle.
9:51 of 2nd period - Stopped by Frederik Andersen without a rebound.
9:52 of 2nd period - Jordan Kyrou wins face-off versus Phillip Danault in Ducks zone.
9:52 of 2nd period - Jordan Kyrou is hit by Brayden McNabb.
11:28 of 2nd period - Shot by Zach Hyman.
11:28 of 2nd period - Shot Misses the Net.
11:30 of 2nd period - Shot by Adam Fox.
11:30 of 2nd period - Deflect By Claude Giroux.
11:30 of 2nd period - Stopped by Logan Thompson without a rebound.
11:31 of 2nd period - John Tavares wins face-off versus Logan Cooley in Flames zone.
12:07 of 2nd period - Shot by Jordan Eberle.
12:07 of 2nd period - Deflect By John Tavares.
12:07 of 2nd period - Shot Misses the Net.
12:09 of 2nd period - Shot by Zach Parise.
12:09 of 2nd period - Stopped by Frederik Andersen without a rebound.
12:10 of 2nd period - Sebastian Aho wins face-off versus Pierre-Luc Dubois in Ducks zone.
12:19 of 2nd period - Shot by Frank Vatrano.
12:19 of 2nd period - Shot Misses the Net.
12:31 of 2nd period - Shot by Lawson Crouse.
12:31 of 2nd period - Stopped by Frederik Andersen without a rebound.
12:32 of 2nd period - Jordan Kyrou wins face-off versus Phillip Danault in Ducks zone.
12:37 of 2nd period - Shot by Alex DeBrincat.
12:37 of 2nd period - Shot Blocked by Brayden McNabb.
12:40 of 2nd period - Icing by Brayden McNabb.
12:41 of 2nd period - Sebastian Aho wins face-off versus Phillip Danault in Ducks zone.
12:41 of 2nd period - Sebastian Aho is hit by Brayden McNabb.
13:08 of 2nd period - Shot by Moritz Seider.
13:08 of 2nd period - Stopped by Logan Thompson with a rebound.
13:20 of 2nd period - Jason Robertson is hit by Adam Larsson and loses puck.
13:59 of 2nd period - Shot by Zach Parise.
13:59 of 2nd period - Stopped by Frederik Andersen without a rebound.
14:00 of 2nd period - Jordan Kyrou wins face-off versus Logan Cooley in Ducks zone.
14:01 of 2nd period - Shot by Ivan Provorov.
14:01 of 2nd period - Shot Misses the Net.
15:03 of 2nd period - Shot by John Tavares.
15:03 of 2nd period - Stopped by Frederik Andersen without a rebound.
15:04 of 2nd period - Sebastian Aho wins face-off versus Phillip Danault in Ducks zone.
15:04 of 2nd period - Frank Vatrano is hit by Adam Fox and loses puck.
15:13 of 2nd period - Shot by Sebastian Aho.
15:13 of 2nd period - Stopped by Frederik Andersen with a rebound.
15:42 of 2nd period - Adam Larsson is hit by Rasmus Dahlin and loses puck.
16:45 of 2nd period - Shot by Claude Giroux.
16:45 of 2nd period - Shot Misses the Net.
16:47 of 2nd period - Shot by Brayden McNabb.
16:47 of 2nd period - Stopped by Logan Thompson without a rebound.
16:48 of 2nd period - Logan Cooley wins face-off versus Zach Parise in Flames zone.
17:19 of 2nd period - Icing by Zach Whitecloud.
17:20 of 2nd period - Logan Cooley wins face-off versus Jordan Kyrou in Ducks zone.
17:31 of 2nd period - Shot by Logan Cooley.
17:31 of 2nd period - Stopped by Logan Thompson with a rebound.
17:33 of 2nd period - Shot by Zach Whitecloud.
17:33 of 2nd period - Shot Misses the Net.
17:35 of 2nd period - Shot by Mathew Dumba.
17:35 of 2nd period - Deflect By Nino Niederreiter.
17:35 of 2nd period - Goal by Nino Niederreiter - Flames : 1 - Ducks : 2.
17:36 of 2nd period - John Tavares wins face-off versus Phillip Danault in neutral zone.
17:38 of 2nd period - Off-side.
17:39 of 2nd period - John Tavares wins face-off versus Phillip Danault in neutral zone.
17:48 of 2nd period - Shot by John Tavares.
17:48 of 2nd period - Deflect By Zach Parise.
17:48 of 2nd period - Goal by Zach Parise - Flames : 2 - Ducks : 2.
17:49 of 2nd period - Phillip Danault wins face-off versus Jordan Kyrou in neutral zone.
19:03 of 2nd period - Shot by Zach Parise.
19:03 of 2nd period - Shot Blocked by Moritz Seider.
19:05 of 2nd period - Shot by Zach Parise.
19:05 of 2nd period - Shot Blocked by Brayden McNabb.
19:09 of 2nd period - Shot by John Tavares.
19:09 of 2nd period - Deflect By Zach Parise.
19:09 of 2nd period - Shot Blocked by Moritz Seider.
19:11 of 2nd period - Shot by Ivan Provorov.
19:11 of 2nd period - Shot Misses the Net.
19:13 of 2nd period - Shot by Zach Parise.
19:13 of 2nd period - Stopped by Frederik Andersen without a rebound.
19:14 of 2nd period - Sebastian Aho wins face-off versus Logan Cooley in Ducks zone.
19:14 of 2nd period - Jared Spurgeon is hit by Zach Whitecloud.
19:19 of 2nd period - Jared Spurgeon is hit by Zach Whitecloud and loses puck.
19:41 of 2nd period - Off-side.
19:42 of 2nd period - John Tavares wins face-off versus Zach Hyman in neutral zone.
19:45 of 2nd period - Brayden McNabb is hit by Zach Parise and loses puck.
19:55 of 2nd period - Minor Penalty to Ivan Provorov for Slashing.
19:56 of 2nd period - Sean Kuraly wins face-off versus Pierre-Luc Dubois in Flames zone.
19:56 of 2nd period - Sean Kuraly is hit by Zach Hyman.
Goals for this period are 1 for Flames vs 1 for Ducks.
Shots for this period are 13 for Flames vs 11 for Ducks.
3rd period
0:01 of 3rd period - Sean Kuraly wins face-off versus Phillip Danault in neutral zone.
0:35 of 3rd period - Icing by Adam Fox.
0:36 of 3rd period - Phillip Danault wins face-off versus Sean Kuraly in Ducks zone.
1:48 of 3rd period - Shot by Moritz Seider.
1:48 of 3rd period - Deflect By Zach Hyman.
1:48 of 3rd period - Stopped by Logan Thompson without a rebound.
1:49 of 3rd period - Pierre-Luc Dubois wins face-off versus John Tavares in Flames zone.
2:22 of 3rd period - Off-side.
2:23 of 3rd period - Pierre-Luc Dubois wins face-off versus John Tavares in neutral zone.
2:39 of 3rd period - Shot by Zach Parise.
2:39 of 3rd period - Stopped by Frederik Andersen without a rebound.
2:40 of 3rd period - Jordan Kyrou wins face-off versus Jason Robertson in Ducks zone.
3:03 of 3rd period - Shot by Jordan Kyrou.
3:03 of 3rd period - Shot Blocked by Rasmus Dahlin.
3:13 of 3rd period - Shot by Adrian Kempe.
3:13 of 3rd period - Stopped by Logan Thompson without a rebound.
3:14 of 3rd period - Sebastian Aho wins face-off versus Pierre-Luc Dubois in Flames zone.
3:37 of 3rd period - Shot by Zach Hyman.
3:37 of 3rd period - Deflect By Claude Giroux.
3:37 of 3rd period - Stopped by Logan Thompson with a rebound.
3:39 of 3rd period - Shot by Moritz Seider.
3:39 of 3rd period - Shot Blocked by Adam Larsson.
3:41 of 3rd period - Shot by Brayden McNabb.
3:41 of 3rd period - Stopped by Logan Thompson with a rebound.
3:43 of 3rd period - Shot by Zach Hyman.
3:43 of 3rd period - Stopped by Logan Thompson without a rebound.
3:44 of 3rd period - Phillip Danault wins face-off versus John Tavares in Flames zone.
3:58 of 3rd period - Phillip Danault is hit by Ivan Provorov and loses puck.
3:59 of 3rd period - Minor Penalty to Ivan Provorov for Slashing.
4:00 of 3rd period - Sean Kuraly wins face-off versus Phillip Danault in Flames zone.
4:59 of 3rd period - Shot by Zach Parise.
4:59 of 3rd period - Shot Blocked by Brayden McNabb.
5:19 of 3rd period - Shot by Moritz Seider.
5:19 of 3rd period - Shot Blocked by Jared Spurgeon.
5:21 of 3rd period - Shot by Moritz Seider.
5:21 of 3rd period - Shot Misses the Net.
5:23 of 3rd period - Shot by Brayden McNabb.
5:23 of 3rd period - Stopped by Logan Thompson without a rebound.
5:24 of 3rd period - Jason Robertson wins face-off versus Sean Kuraly in Flames zone.
5:32 of 3rd period - Icing by Phillip Danault.
5:33 of 3rd period - Sean Kuraly wins face-off versus Phillip Danault in Ducks zone.
6:29 of 3rd period - Shot by Frank Vatrano.
6:29 of 3rd period - Stopped by Frederik Andersen without a rebound.
6:30 of 3rd period - Jordan Kyrou wins face-off versus Pierre-Luc Dubois in Ducks zone.
6:34 of 3rd period - Shot by Jordan Kyrou.
6:34 of 3rd period - Stopped by Frederik Andersen with a rebound.
6:36 of 3rd period - Shot by Alex DeBrincat.
6:36 of 3rd period - Deflect By Alex Ovechkin.
6:36 of 3rd period - Shot Misses the Net.
6:38 of 3rd period - Shot by Alex Ovechkin.
6:38 of 3rd period - Shot Blocked by Zach Whitecloud.
7:33 of 3rd period - Shot by Adrian Kempe.
7:33 of 3rd period - Shot Misses the Net.
7:50 of 3rd period - Off-side.
7:51 of 3rd period - John Tavares wins face-off versus Logan Cooley in neutral zone.
8:21 of 3rd period - Esa Lindell is hit by Logan Cooley and loses puck.
8:30 of 3rd period - Zach Parise is hit by Nino Niederreiter and loses puck.
9:01 of 3rd period - Shot by Alex DeBrincat.
9:01 of 3rd period - Stopped by Frederik Andersen without a rebound.
9:02 of 3rd period - Pierre-Luc Dubois wins face-off versus Sebastian Aho in Ducks zone.
9:02 of 3rd period - Pierre-Luc Dubois is hit by Sebastian Aho.
9:07 of 3rd period - Icing by Mathew Dumba.
9:08 of 3rd period - Sebastian Aho wins face-off versus Pierre-Luc Dubois in Ducks zone.
9:27 of 3rd period - Shot by Pierre-Luc Dubois.
9:27 of 3rd period - Stopped by Logan Thompson without a rebound.
9:28 of 3rd period - Phillip Danault wins face-off versus Jordan Kyrou in Flames zone.
10:18 of 3rd period - Off-side.
10:19 of 3rd period - Pierre-Luc Dubois wins face-off versus Sebastian Aho in neutral zone.
10:26 of 3rd period - Shot by Sebastian Aho.
10:26 of 3rd period - Deflect By Lawson Crouse.
10:26 of 3rd period - Stopped by Frederik Andersen without a rebound.
10:27 of 3rd period - Sebastian Aho wins face-off versus Pierre-Luc Dubois in Ducks zone.
10:57 of 3rd period - Minor Penalty to Sebastian Aho for Roughing.
10:58 of 3rd period - Phillip Danault wins face-off versus Sean Kuraly in Flames zone.
11:19 of 3rd period - Shot by Phillip Danault.
11:19 of 3rd period - Shot Blocked by Adam Larsson.
11:21 of 3rd period - Shot by Rasmus Dahlin.
11:21 of 3rd period - Goal by Rasmus Dahlin - Flames : 2 - Ducks : 3.
11:22 of 3rd period - Pierre-Luc Dubois wins face-off versus John Tavares in neutral zone.
11:37 of 3rd period - Shot by Claude Giroux.
11:37 of 3rd period - Stopped by Logan Thompson without a rebound.
11:38 of 3rd period - Phillip Danault wins face-off versus Sebastian Aho in Flames zone.
11:41 of 3rd period - Shot by Jason Robertson.
11:41 of 3rd period - Stopped by Logan Thompson without a rebound.
11:42 of 3rd period - Phillip Danault wins face-off versus Jordan Kyrou in Flames zone.
11:55 of 3rd period - Shot by Alex Ovechkin.
11:55 of 3rd period - Shot Misses the Net.
12:40 of 3rd period - Alex DeBrincat is hit by Brayden McNabb.
12:58 of 3rd period - Shot by Pierre-Luc Dubois.
12:58 of 3rd period - Stopped by Logan Thompson without a rebound.
12:59 of 3rd period - Zach Parise wins face-off versus Nikolaj Ehlers in Flames zone.
13:19 of 3rd period - Shot by Nino Niederreiter.
13:19 of 3rd period - Stopped by Logan Thompson without a rebound.
13:20 of 3rd period - Claude Giroux wins face-off versus Sebastian Aho in Flames zone.
13:20 of 3rd period - Zach Hyman is hit by Jared Spurgeon and loses puck.
14:01 of 3rd period - Icing by Moritz Seider.
14:02 of 3rd period - John Tavares wins face-off versus Claude Giroux in Ducks zone.
14:55 of 3rd period - Shot by Adrian Kempe.
14:55 of 3rd period - Shot Misses the Net.
14:57 of 3rd period - Shot by Rasmus Dahlin.
14:57 of 3rd period - Deflect By Adrian Kempe.
14:57 of 3rd period - Stopped by Logan Thompson without a rebound.
14:58 of 3rd period - Sebastian Aho wins face-off versus Logan Cooley in Flames zone.
14:58 of 3rd period - Sebastian Aho is hit by Nino Niederreiter.
15:18 of 3rd period - Minor Penalty to Mathew Dumba for Roughing.
15:19 of 3rd period - Sebastian Aho wins face-off versus Phillip Danault in Ducks zone.
15:33 of 3rd period - Shot by Ivan Provorov.
15:33 of 3rd period - Stopped by Frederik Andersen without a rebound.
15:34 of 3rd period - Phillip Danault wins face-off versus Jordan Kyrou in Ducks zone.
15:34 of 3rd period - Phillip Danault is hit by Lawson Crouse.
15:48 of 3rd period - Shot by Jason Robertson.
15:48 of 3rd period - Stopped by Logan Thompson without a rebound.
15:49 of 3rd period - Phillip Danault wins face-off versus Sebastian Aho in Flames zone.
15:58 of 3rd period - Shot by Phillip Danault.
15:58 of 3rd period - Shot Misses the Net.
16:16 of 3rd period - Shot by Ivan Provorov.
16:16 of 3rd period - Stopped by Frederik Andersen without a rebound.
16:16 of 3rd period - Minor Penalty to Frederik Andersen for Slashing.
16:17 of 3rd period - Jordan Kyrou wins face-off versus Phillip Danault in Ducks zone.
16:51 of 3rd period - Icing by Aaron Ekblad.
16:52 of 3rd period - Phillip Danault wins face-off versus Jordan Kyrou in Flames zone.
17:29 of 3rd period - Shot by Alex Ovechkin.
17:29 of 3rd period - Shot Misses the Net.
17:44 of 3rd period - Minor Penalty to Ivan Provorov for Tripping.
17:45 of 3rd period - Sean Kuraly wins face-off versus Phillip Danault in Flames zone.
19:59 of 3rd period - Flames, Logan Thompson is pulled from the net.
Goals for this period are 0 for Flames vs 1 for Ducks.
Shots for this period are 7 for Flames vs 14 for Ducks.